 Dungeon Crawl Stone Soup version 0.31-a0-233-g139696dc86 (webtiles) character file.

Game seed: 17855893639258035829

119 qw the Shooter (level 5, -18/30 HPs)
             Began as a Gargoyle Hexslinger on July 9, 2023.
             Demolished by an ogre
             ... wielding a +0 giant club
              (29 damage)
             ... on level 3 of the Dungeon.
             The game lasted 00:00:52 (1716 turns).

qw the Shooter (Gargoyle Hexslinger)                Turns: 1716, Time: 00:00:53

Health: -18/30     AC:  6    Str: 12    XL:     5   Next: 3%
Magic:  6/6        EV: 12    Int: 13    God:
Gold:   174        SH:  0    Dex: 14    Spells: 5/6 levels left

rFire   . . .        Y - +2 sling
rCold   . . .        (no shield)
rNeg    + . .        c - +0 robe
rPois   inf          (no helmet)
rElec   +            (no cloak)
rCorr   .            (no gloves)
SInv    .            (no boots)
Will    .....        (no amulet)
Stlth   +            (no ring)
HPRegen 0.25/turn    (no ring)
MPRegen 0.10/turn

%: no passive effects
@: no status effects
A: sickness immunity, AC +4, negative energy resistance 1, electricity
resistance, torment resistance 1, petrification resistance
a: no special abilities


You were on level 3 of the Dungeon.
You visited 1 branch of the dungeon, and saw 3 of its levels.

You collected 174 gold pieces.


Innate Abilities, Weirdness & Mutations

You are immune to sickness and miasma.
Your stone body is resilient. (AC +4)
You are immune to poison.
You resist negative energy. (rN+)
You are resistant to electric shocks. (rElec)
You are resistant to unholy torment.
You are immune to petrification.


   Skills:
 - Level 2.0 Fighting
 + Level 4.7 Ranged Weapons
 - Level 1.5 Dodging
 - Level 1.0 Spellcasting
 - Level 2.6 Hexes


You had 5 spell levels left.
You knew the following spells:

 Your Spells              Type           Power      Damage    Failure   Level
a - Slow                  Hex            28%        N/A       10%         1

Your spell library contained the following spells:

 Spells                   Type           Power      Damage    Failure   Level
 Inner Flame              Hex/Fire       4%         N/A       43%         3
 Portal Projectile        Hex/Tloc       8%         N/A       43%         3
 Cause Fear               Hex            3%         N/A       67%         4

Inventory:

Hand Weapons
 Y - a +2 sling (weapon)
Armour
 c - a +0 robe (worn)
 e - a +0 leather armour
Scrolls
 a - a scroll of identify
 g - a scroll of amnesia {unknown}
 h - a scroll of fog {unknown}
Potions
 b - a potion of lignification {unknown}
 d - 4 potions of haste
 f - a potion of curing {unknown}

Dungeon Overview and Level Annotations

Branches:
Dungeon (3/15)

Altars:
Ru


Message History

h - a scroll labelled QAPOAF KACROS
Enter note:
Enter note:
Enter note:
Enter note:
Enter note:
Enter note:
Found a stone staircase leading up.
Enter note:
Enter note:
Enter note:
Enter note:
Enter note:
Enter note:
Enter note:
Enter note:
Enter note: An ogre comes into view. It is wielding a +0 giant club.
Enter note:
Enter note:
Enter note:
Enter note:
Enter note:
Enter note:
Enter note:
Enter note:
Enter note: You shoot a sling bullet.
The sling bullet hits the ogre.
The ogre is lightly wounded.
You shoot a sling bullet.
The sling bullet barely misses the ogre.
The ogre hits you with a +0 giant club!
You shoot a sling bullet. The sling bullet hits the ogre.
The ogre is moderately wounded.
The ogre hits you with a +0 giant club!
You shoot a sling bullet.
The sling bullet barely misses the ogre.
The ogre hits you with a +0 giant club!!
Ouch! That really hurt!
You die...

#.# #(..#. #.# #.# .##.... ##.##
#.# . ....... ####...# #.# ##.
####.. ##.##...# #.. ... #..
#.#.#...#### #.##.## # #.#
.#.........# #.#<..... #.#
...........#####..#....# #.#
.#..............@.........#####.#
#...#...#.######O.#....#.........
##.##...#.# #.#.......######.#
#.##...#.# ........#.### ##.#
#.######.# ######## ...# #... #.#
###.####. ##.####.# .. .........#
##...##### #........# ##.....##..
#........# #####.......#.#


You could see an ogre.

Vanquished Creatures
  An orc wizard (D:3)
  2 adders
  2 worms
  A dart slug (D:1)
  3 orcs (D:3)
  4 ball pythons
  5 endoplasms
  3 giant cockroaches (D:1)
  7 hobgoblins
  8 jackals
  4 quokkas
  6 bats
  2 frilled lizards (D:1)
  4 goblins
  5 kobolds
  5 rats
62 creatures vanquished.

Notes
Turn   | Place    | Note
-------+----------+-------------------------------------------
     0 | D:1      | qw the Gargoyle Hexslinger began the quest for the Orb.
     0 | D:1      | Reached XP level 1. HP: 12/12 MP: 2/2
     0 | D:1      | 0 ||| qw: Version: 0.3-a-51-g015441d
     0 | D:1      | 0 ||| qw: Game counter: 3814
     0 | D:1      | 0 ||| qw: Melee chars always use a shield: true
     0 | D:1      | 0 ||| qw: God list: Okawaru
     0 | D:1      | 0 ||| qw: Allow faded altars: false
     0 | D:1      | 0 ||| qw: Do Orc after clearing Dungeon:15 true
     0 | D:1      | 0 ||| qw: Do second Lair branch before Depths: true
     0 | D:1      | 0 ||| qw: Lair rune preference: random
     0 | D:1      | 0 ||| qw: Goals: Normal
     0 | D:1      | 0 ||| PLANNING D:1-11
    99 | D:1      | Reached XP level 2. HP: 16/16 MP: 3/3
   179 | D:1      | Reached skill level 3 in Ranged Weapons
   227 | D:1      | Reached XP level 3. HP: 21/21 MP: 4/4
   554 | D:1      | 554 ||| READING 3 scrolls labelled PAOTRY UB MUD.
   555 | D:1      | 555 ||| READING 2 scrolls of identify.
   555 | D:1      | 555 ||| IDENTIFYING emerald potion
   556 | D:1      | 556 ||| DROPPING scroll of poison.
   582 | D:2      | 582 ||| STAIRDANCE
   831 | D:2      | Found a faded altar of an unknown god.
   892 | D:2      | Reached XP level 4. HP: 20/26 MP: 5/5
  1095 | D:2      | 1095 ||| READING scroll labelled NUYKOC TOSCH.
  1096 | D:2      | 1096 ||| READING scroll labelled JIKADU ENETA.
  1097 | D:2      | 1097 ||| READING scroll labelled SAXKAI PEEFFOI.
  1098 | D:2      | 1098 ||| READING scroll labelled OTWOECK MUXAHU.
  1102 | D:2      | 1102 ||| READING 4 scrolls of identify.
  1102 | D:2      | 1102 ||| IDENTIFYING smoky clear potion
  1103 | D:2      | 1103 ||| READING 3 scrolls of identify.
  1103 | D:2      | 1103 ||| IDENTIFYING fizzy clear potion
  1104 | D:2      | 1104 ||| READING 2 scrolls of identify.
  1104 | D:2      | 1104 ||| IDENTIFYING murky white potion
  1105 | D:2      | 1105 ||| DROPPING potion of invisibility.
  1106 | D:2      | 1106 ||| DROPPING potion of ambrosia.
  1141 | D:3      | Reached skill level 4 in Ranged Weapons
  1202 | D:3      | HP: 5/26 [something (3)]
  1204 | D:3      | HP: 2/26 [something (3)]
  1206 | D:3      | 1206 ||| DRINKING potion of heal wounds.
  1442 | D:3      | Found a sacrificial altar of Ru.
  1673 | D:3      | Reached XP level 5. HP: 30/30 MP: 6/6
  1712 | D:3      | Noticed an ogre
  1716 | D:3      | Demolished by an ogre

Levels and vault maps discovered:
D:1:      nzn_arrival_settlement, layout_basic
D:2:      layout_basic, dilly_ecumenical_altar_fadedgnrine,
          ebering_dispersal_statue_hall
D:3:      layout_loops_ring, nicolae_ashenzari_skybound, lemuel_round_altar

Skill      XL: |  1  2  3  4 |
---------------+-------------+-----
Ranged Weapons | 3 4 |  4.7
Fighting       | 2 |  2.0
Dodging        | |  1.5
Spellcasting   | |  1.0
Hexes          | |  2.6

Action                     |  1- 3 |  4- 6 || total
---------------------------+-------+-------++-------
   Fire: Sling             |   149 |    75 ||   224
    Use: Scroll            |     2 |     7 ||     9
         Potion            |       |     1 ||     1
 Armour: Robe              |    25 |    22 ||    47
  Dodge: Dodged            |    54 |    42 ||    96

Table legend:
 A = Non-vault XP
 B = Vault XP
 C = Vault XP percentage of total XP
 D = Non-vault monster count
 E = Vault monster count
 F = Vault count percentage of total count
                 A         B        C        D         E       F
            +---------+---------+-------+---------+---------+-------
      Total |     170 |       0 |   0.0 |      62 |       0 |   0.0
            +---------+---------+-------+---------+---------+-------
        D:1 |      55 |       0 |   0.0 |      30 |       0 |   0.0
        D:2 |      39 |       0 |   0.0 |      16 |       0 |   0.0
        D:3 |      76 |       0 |   0.0 |      16 |       0 |   0.0
            +---------+---------+-------+---------+---------+-------
